 Dungeon Crawl Stone Soup version 0.29-a0-350-g7790a0e70a (webtiles) character file.

Game seed: 12144425151584508177

77 spaghetti the Covert (level 4, -3/31 HPs)
             Began as an Octopode Delver on Apr 23, 2022.
             Slain by a hornet (10 damage)
             ... on level 5 of the Dungeon.
             The game lasted 00:00:33 (383 turns).

spaghetti the Covert (Octopode Delver)               Turns: 383, Time: 00:00:34

Health: -3/31      AC:  1    Str: 11    XL:     4   Next: 33%
Magic:  4/4        EV: 13    Int: 12    God:
Gold:   0          SH:  0    Dex: 15    Spells: 3/3 levels left

rFire   . . .      SeeInvis .   a - +0 short sword {short}
rCold   . . .      Faith    .   (no shield)
rNeg    . . .      Spirit   .   (helmet restricted)
rPois   .          Reflect  .   (no amulet)
rElec   .          Harm     .   (no ring)
rCorr   .          Rampage  .   (no ring)
Will    .....                   (no ring)
Stlth   +++++.....              (no ring)
HPRegen 0.10/turn               (no ring)
MPRegen 0.09/turn               (no ring)
                                (no ring)
                                (no ring)

@: lethally poisoned (-3 -> -7), slowed, very slow
A: almost no armour, amphibious, 8 rings, camouflage 1, gelatinous body 1,
(nimble swimmer 1), tentacles
a: no special abilities


You were on level 5 of the Dungeon.
You visited 1 branch of the dungeon, and saw 1 of its levels.


Innate Abilities, Weirdness & Mutations

You cannot wear most types of armour.
You are amphibious.
You can wear up to eight rings at the same time.
Your skin changes colour to match your surroundings (Stealth+).
Your rubbery body absorbs attacks. (AC +1, EV +1)
((You are camouflaged when in or above water. (Stealth+)))
You have tentacles for arms and can constrict up to eight enemies at once.


   Skills:
 - Level 3.0 Fighting
 - Level 2.0 Short Blades
 - Level 2.0 Dodging
 + Level 8.8 Stealth


You had 3 spell levels left.
You didn't know any spells.
Your spell library was empty.

Inventory:

Hand Weapons
 a - a +0 short sword (weapon) {short}
Wands
 f - a wand of digging (3)
 g - a wand of flame (5)
   (You found it on level 5 of the Dungeon)
Scrolls
 b - a scroll of fog
 c - a scroll of magic mapping {!r}
 d - a scroll of fear
Potions
 e - a potion of haste {@q3}
 h - a potion of flight {unknown}

Dungeon Overview and Level Annotations

Branches:
Dungeon (5/15)
 Temple: D:4-7

Altars:

..####.....# .## ##...##
## ##.## # #.# # #.# ##
#.## #
.#######..##########.###
........................
................@y......
≈.≈≈≈≈.≈≈≈.≈.≈..((≈..≈.≈
≈≈≈≈≈≈≈≈≈≈≈≈≈≈..(.≈≈≈≈≈≈
≈≈≈≈≈≈≈≈≈≈≈≈≈≈....≈≈≈≈≈≈
≈≈≈≈≈≈≈≈≈≈≈≈≈≈.....≈≈≈≈≈
###############++#######


You could see a hornet.


Message History

😨 HP[-7]
You take 7 damage, and now have 7/16 hp.
MASSIVE DAMAGE!! (PAUSE)
Aiming: Throw Flame
Press: ? - help, Shift-Dir - straight line, f - phantom
Aim: a phantom (water, severely damaged, 56% to hit)
The puff of flame hits the phantom.
The phantom is engulfed in a cloud of scalding steam.
The phantom hits you.
* * * LOW HITPOINT WARNING * * *
😱 HP[-5]
You take 5 damage, and now have 2/16 hp.
MASSIVE DAMAGE!! (PAUSE)
Aiming: Throw Flame
Press: ? - help, Shift-Dir - straight line, f/p - phantom
Aim: a phantom (steam, water, almost destroyed, 56% to hit)
The puff of flame hits the phantom.
You destroy the phantom!
Your Stealth skill gained 2 levels and is now at level 8!
You have reached level 2!
You have reached level 3!
Your experience leads to an increase in your attributes!
Increase (S)trength, (I)ntelligence, or (D)exterity?
You feel agile. x2
You have reached level 4! 😱 HP[+3] MP[+3]
You now have 31 max hp (+15).
You regained 3 hp, and now have 5/31 hp.
Your mp is fully restored (4).
Unknown command.
Unknown command.
You start resting. 😎 HP[+26]
Your hp is fully restored (31).
h - a glowing black potion You open the door.
There is an open door here.
Key pressed, stopping explore.
A kobold comes into view.
A kobold is nearby! 2 kobolds come into view.
The helpless kobold fails to defend itself.
You impale the kobold!!
You kill the kobold!
The kobold shouts!
The kobold barely misses you.
The kobold throws a stone.
The stone hits you. 😕 HP[-2]
You take 2 damage, and now have 29/31 hp.
You hit the kobold. Your grab misses the kobold. The kobold misses you.
You hit the kobold.
You kill the kobold!
A hornet comes into view.
The kobold barely misses you.
You hit the kobold.
You kill the kobold!
Aiming: Throw Flame
Press: ? - help, Shift-Dir - straight line, f - hornet
Aim: a hornet (52% to hit)
The puff of flame misses the hornet.
Aiming: Throw Flame
Press: ? - help, Shift-Dir - straight line, f/p - hornet
Aim: a hornet (52% to hit)
The puff of flame hits the hornet.
The hornet stings you!
You are poisoned.
You suddenly lose the ability to move!
The hornet stings you.
You feel yourself slow down.
You can move again. 😮 HP[-12]
You take 12 damage, and now have 17/31 hp.
MASSIVE DAMAGE!! (PAUSE) Unknown command.
Unknown command.
Unknown command.
Unknown command.
Unknown command.
Aiming: Throw Flame
Press: ? - help, Shift-Dir - straight line, f/p - hornet
Aim: a hornet (lightly wounded, 52% to hit)
The puff of flame hits the hornet but does no damage.
You feel very sick. The hornet stings you.
* * * LOW HITPOINT WARNING * * *
You feel as though you will be slow longer.
The hornet completely misses you. 😨 HP[-4]
You take 4 damage, and now have 13/31 hp.
Aiming: Throw Flame
Press: ? - help, Shift-Dir - straight line, f/p - hornet
Aim: a hornet (lightly wounded, 52% to hit)
The puff of flame misses the hornet.
You feel sick. The hornet stings you.
* * * LOW HITPOINT WARNING * * *
You feel as though you will be slow longer.
The hornet barely misses you. 😨 HP[-4]
You take 4 damage, and now have 9/31 hp.
Aiming: Throw Flame
Press: ? - help, Shift-Dir - straight line, f/p - hornet
Aim: a hornet (lightly wounded, 52% to hit)
The puff of flame hits the hornet.
You feel sick. The hornet stings you!
You die...

Skill      XL: |  1 |
---------------+----+-----
Stealth        | 8 |  8.8
Fighting       | |  3.0
Short Blades   | |  2.0
Dodging        | |  2.0

Action                   |  1- 3 |  4- 6 || total
-------------------------+-------+-------++-------
Melee: Short sword       |     5 |     4 ||     9
       Tentacles         |     2 |       ||     2
Evoke: Wand              |     2 |     5 ||     7
 Stab: Sleeping          |       |     1 ||     1
Dodge: Dodged            |     3 |     5 ||     8

Levels and vault maps discovered:
D:5:      minmay_goblin_kobold_castle, layout_loops_corners,
          vehumet_altar_wand_db, minmay_stone_trees_small, uniq_eustachio

Notes
Turn   | Place    | Note
-------+----------+-------------------------------------------
     0 | D:5      | spaghetti the Octopode Delver began the quest for the Orb.
     0 | D:5      | Reached XP level 1. HP: 16/16 MP: 1/1
     0 | D:5      | magus.rc [v1.9.6]
    64 | D:5      | Noticed a phantom
    75 | D:5      | HP: 2/16 [phantom (5)]
    76 | D:5      | Killed a phantom
    77 | D:5      | Reached skill level 8 in Stealth
    77 | D:5      | Reached XP level 2. HP: 3/21 MP: 2/2
    77 | D:5      | Reached XP level 3. HP: 4/26 MP: 3/3
    77 | D:5      | Reached XP level 4. HP: 5/31 MP: 4/4
   377 | D:5      | Noticed a hornet
   380 | D:5      | Paralysed by a hornet for 1 turns
   383 | D:5      | HP: 7/31 [poisoned by a hornet]
   383 | D:5      | Slain by a hornet

Vanquished Creatures
  A phantom (D:5)
  3 kobolds (D:5)
4 creatures vanquished.

Table legend:
 A = Non-vault XP
 B = Vault XP
 C = Vault XP percentage of total XP
 D = Non-vault monster count
 E = Vault monster count
 F = Vault count percentage of total count
                 A         B        C        D         E       F
            +---------+---------+-------+---------+---------+-------
      Total |     107 |       3 |   2.7 |       1 |       3 |  75.0
            +---------+---------+-------+---------+---------+-------
        D:5 |     107 |       3 |   2.7 |       1 |       3 |  75.0
            +---------+---------+-------+---------+---------+-------

Illustrated notes

Table legend:
 A = Kills in this place as a percentage of kills in entire the game.
 B = Kills by you in this place as a percentage of kills by you in the entire game.
 C = Kills by friends in this place as a percentage of kills by friends in the entire game.
 D = Other kills in this place as a percentage of other kills in the entire game.
 E = Experience gained in this place as a percentage of experience gained in the entire game.
 F = Experience gained in this place divided by the number of levels of this place that you have seen.
                   A       B       C       D       E      F
               +-------+-------+-------+-------+-------+----------------------
         Total | 100.0 | 100.0 |   N/A |   N/A | 100.0 | 110.0
       Dungeon | 100.0 | 100.0 |   N/A |   N/A | 100.0 | 110.0
               +-------+-------+-------+-------+-------+----------------------

Table legend: (Time is in decaauts)
 A = Elapsed time spent in this place.
 B = Non-inter-level travel time spent in this place.
 C = Inter-level travel time spent in this place.
 D = Time resting spent in this place.
 E = Time spent auto-exploring this place.
 F = Levels seen in this place.
 G = Mean time per level.
                   A        B        C        D        E       F      G
               +--------+--------+--------+--------+--------+-----+--------+
         Total |    384 |    384 |      0 |    255 |     96 |   1 |  384.0 |
       Dungeon |    384 |    384 |      0 |    255 |     96 |   1 |  384.0 |
               +--------+--------+--------+--------+--------+-----+--------+

Top non-repeatable levels by time:
     D:5: 384 daAuts
